[Event "Titled Tuesday Blitz March 21 Early 2023"]
[White "Van Osch, Mees"]
[Black "Arias, Juan Cruz"]
[WhiteFideId "1035967"]
[BlackFideId "118540"]
[WhiteElo "2324"]
[BlackElo "2243"]
[Result "0-1"]
[Round "02"]
[TimeControl "180+2"]
[Date "2023.03.21"]
[WhiteClock "0:00:04"]
[BlackClock "0:02:17"]

1. e4 e6 2. d4 d5 3. Nc3 Nf6 4. e5 Nfd7 5. f4 c5 6. Nf3 Nc6 7. Be3 cxd4 8. Nxd4 Bc5 9. g3 O-O 10. Bg2 a6 11. O-O Nxd4 12. Bxd4 b5 13. Ne2 Bb7 14. Qd2 Rc8 15. c3 f5 16. exf6 Nxf6 17. Bxc5 Rxc5 18. Nd4 Qb6 19. Qe3 Ne4 20. Bxe4 dxe4 21. Nxe6 Qxe6 22. Qxc5 e3 23. Qd4 Qc6 0-1


[Site "https://www.chess.com"]

[Event "Titled Tuesday Blitz March 21 Early 2023"]
[White "Buscar, Michael"]
[Black "Borgaonkar Akshay"]
[WhiteFideId "2603616"]
[BlackFideId "25639110"]
[WhiteElo "2010"]
[BlackElo "2063"]
[Result "1/2-1/2"]
[Round "02"]
[TimeControl "180+2"]
[Date "2023.03.21"]
[WhiteClock "0:00:09"]
[BlackClock "0:00:37"]

1. d4 Nf6 2. c4 g6 3. Nc3 Bg7 4. e4 d6 5. Nf3 O-O 6. Be2 e5 7. h3 exd4 8. Nxd4 Re8 9. f3 c6 10. O-O d5 11. cxd5 cxd5 12. Bg5 dxe4 13. Nxe4 h6 14. Nxf6+ Bxf6 15. Bxf6 Qxf6 16. Nb3 Nc6 17. Bb5 Qg5 18. Bxc6 bxc6 19. Qc1 Qg3 20. Rf2 Bxh3 21. Qxh6 Be6 22. Nc5 Rad8 23. Ne4 Qe5 24. Qh4 Kg7 25. a3 Rh8 26. Qg3 Qxg3 27. Nxg3 Bd5 28. Re1 Rd7 29. Ne4 Bxe4 30. Rxe4 Rd1+ 31. Rf1 Rd2 32. Rf2 Rh1+ 33. Kxh1 Rxf2 34. Rb4 c5 35. Rb7 c4 36. Kg1 Rd2 37. Kh2 Kf6 38. Kg3 Ke6 39. Rb4 f5 40. Rxc4 Rxb2 41. Rc6+ Kf7 42. Rc7+ Kf6 43. Rxa7 Rb3 44. a4 Kg5 45. a5 Ra3 46. a6 f4+ 47. Kh3 Ra1 48. Kh2 Kh6 49. Ra8 g5 50. Ra7 Kg6 51. Ra8 Kh6 52. Ra7 Ra2 53. Ra8 g4 54. a7 Kg7 55. fxg4 f3 56. Kg1 Rxg2+ 57. Kf1 Ra2 58. g5 Kh7 59. g6+ Kg7 60. Ke1 Re2+ 61. Kf1 Ra2 62. Ke1 Re2+ 63. Kf1 Ra2 1/2-1/2


[Site "https://www.chess.com"]

[Event "Titled Tuesday Blitz March 21 Early 2023"]
[White "Do Nascimento,Christian Almeida"]
[Black "Lopez Del Alamo, Antonio"]
[WhiteFideId "2143801"]
[BlackFideId "2227339"]
[WhiteElo "2125"]
[BlackElo "2175"]
[Result "0-1"]
[Round "02"]
[TimeControl "180+2"]
[Date "2023.03.21"]
[WhiteClock "0:00:06"]
[BlackClock "0:00:12"]

1. e4 c5 2. Nf3 e6 3. c4 a6 4. Nc3 d6 5. d4 cxd4 6. Nxd4 Nf6 7. g3 Be7 8. Bg2 O-O 9. O-O Qc7 10. b3 Nbd7 11. Be3 Rb8 12. Rc1 b6 13. f3 Bb7 14. Qd2 Rbc8 15. Rfd1 Qb8 16. Na4 Ba8 17. Bf1 Ne5 18. Nc3 d5 19. exd5 exd5 20. Bf4 Bd6 21. Bg2 dxc4 22. Nf5 Bc5+ 23. Kh1 Nxf3 24. Qe2 Qb7 25. Na4 Ng1 26. Nxc5 Nxe2 27. Nxb7 Nxc1 28. Ne7+ Kh8 29. Nxc8 Nd3 30. Kg1 cxb3 31. axb3 Nxf4 32. gxf4 Rxc8 33. Nd6 Rf8 34. Bxa8 Rxa8 35. Nxf7+ Kg8 36. Ne5 b5 37. Rd6 a5 38. Rb6 a4 39. bxa4 bxa4 40. Rb2 a3 41. Ra2 Nd5 42. Nc4 Nxf4 43. Rxa3 Rc8 44. Ne5 Re8 45. Ra6 Rxe5 46. Ra8+ Kf7 47. Ra7+ Re7 48. Ra8 Ne6 49. h4 h6 50. Kg2 g5 51. hxg5 hxg5 52. Kg3 Kg6 53. Ra6 Kf6 54. Kg4 Rc7 55. Ra8 Rc4+ 56. Kg3 Kf5 57. Ra5+ Rc5 58. Ra4 Rc3+ 59. Kg2 g4 60. Rb4 Nf4+ 61. Kf2 g3+ 62. Kf1 Kg4 63. Rb1 g2+ 64. Kg1 Kg3 65. Rb3 Nh3# 0-1


[Site "https://www.chess.com"]

[Event "Titled Tuesday Blitz March 21 Early 2023"]
[White "Manon-og, Ramon Jr."]
[Black "Richter, Nils"]
[WhiteFideId "5200776"]
[BlackFideId "12990809"]
[WhiteElo "2329"]
[BlackElo "2381"]
[Result "1-0"]
[Round "02"]
[TimeControl "180+2"]
[Date "2023.03.21"]
[WhiteClock "0:01:17"]
[BlackClock "0:00:20"]

1. e4 e6 2. d4 d5 3. Nd2 c5 4. Ngf3 cxd4 5. Nxd4 Nc6 6. Nxc6 bxc6 7. exd5 cxd5 8. Bd3 Nf6 9. O-O Bd6 10. Nf3 O-O 11. Bg5 h6 12. Bh4 Be7 13. c3 a5 14. Rc1 Ba6 15. Re1 Bxd3 16. Qxd3 Ne4 17. Bxe7 Qxe7 18. Ne5 Rfc8 19. f3 Qa7+ 20. Qe3 Nd6 21. Kf2 Nf5 22. Qxa7 Rxa7 23. g4 Nd6 24. h4 f6 25. Ng6 Kf7 26. h5 Nc4 27. Re2 Rb7 28. b3 Nd6 29. Nf4 Re7 30. Rce1 Rxc3 31. Nxd5 exd5 32. Rxe7+ Kf8 33. Rd7 Rc6 34. Ree7 Ne8 35. Ra7 d4 36. Rf7+ Kg8 37. Rfd7 Nd6 38. Rxg7+ Kf8 39. Rh7 Kg8 40. Rhc7 Rb6 41. Ra8+ 1-0


[Site "https://www.chess.com"]

[Event "Titled Tuesday Blitz March 21 Early 2023"]
[White "Srinath, Rao S.V."]
[Black "Alahakoon, Isuru"]
[WhiteFideId "5028876"]
[BlackFideId "9900993"]
[WhiteElo "2196"]
[BlackElo "1995"]
[Result "1-0"]
[Round "02"]
[TimeControl "180+2"]
[Date "2023.03.21"]
[WhiteClock "0:02:24"]
[BlackClock "0:01:09"]

1. e4 d5 2. exd5 Qxd5 3. Nc3 Qa5 4. d4 Nf6 5. Nf3 Bg4 6. h3 Bh5 7. g4 Bg6 8. Ne5 e6 9. Bg2 c6 10. O-O Nbd7 11. Nc4 Qc7 12. f4 O-O-O 13. Qe2 Nb6 14. Ne5 Rxd4 15. Be3 Rd8 16. a4 Bd6 17. a5 Nbd5 18. Nxd5 Nxd5 19. Bxa7 Nxf4 20. Rxf4 Bxe5 21. Bb6 Qd6 22. Rc4 Rd7 23. a6 Bxb2 24. a7 1-0


[Site "https://www.chess.com"]

[Event "Titled Tuesday Blitz March 21 Early 2023"]
[White "Martinez, Shawn"]
[Black "Popov, Mikhail"]
[WhiteFideId "2039770"]
[BlackFideId "4146182"]
[WhiteElo "2174"]
[BlackElo "2270"]
[Result "0-1"]
[Round "02"]
[TimeControl "180+2"]
[Date "2023.03.21"]
[WhiteClock "0:00:12"]
[BlackClock "0:00:13"]

1. e4 e6 2. d4 d5 3. Bd3 dxe4 4. Bxe4 Nf6 5. Bf3 c5 6. Be3 Nd5 7. Ne2 Nc6 8. O-O Be7 9. Nbc3 Nxe3 10. fxe3 O-O 11. Ne4 cxd4 12. exd4 Qb6 13. Rb1 Rd8 14. c3 e5 15. Kh1 exd4 16. cxd4 Nxd4 17. Nxd4 Qxd4 18. Qb3 Qb6 19. Qxb6 axb6 20. a3 b5 21. Nc3 Rd2 22. Nd5 Bd8 23. Rfd1 Rxd1+ 24. Rxd1 Be6 25. Nc3 Bf6 26. Nxb5 Bxb2 27. Bxb7 Rb8 28. a4 h5 29. Be4 Bb3 30. Rd7 Bxa4 31. Nd6 Bxd7 32. h4 Be5 33. Nc4 Bg3 34. Bf3 Rb1+ 0-1


[Site "https://www.chess.com"]

[Event "Titled Tuesday Blitz March 21 Early 2023"]
[White "Korpics, Zsolt"]
[Black "Trakru, Rohun"]
[WhiteFideId "705241"]
[BlackFideId "2097613"]
[WhiteElo "2319"]
[BlackElo "1852"]
[Result "1/2-1/2"]
[Round "02"]
[TimeControl "180+2"]
[Date "2023.03.21"]
[WhiteClock "0:00:09"]
[BlackClock "0:00:09"]

1. e4 c6 2. Nf3 d5 3. Nc3 dxe4 4. Nxe4 Nf6 5. Qe2 Nxe4 6. Qxe4 Nd7 7. Bc4 Nf6 8. Qe2 Bf5 9. d4 e6 10. O-O Be7 11. c3 O-O 12. Bf4 Nd5 13. Bg3 Bg4 14. h3 Bh5 15. Bd3 Bd6 16. Bxd6 Qxd6 17. Qe5 Qxe5 18. Nxe5 Rfd8 19. Rfe1 Rac8 20. Rac1 c5 21. dxc5 Rxc5 22. Be4 b6 23. Bf3 Bxf3 24. Nxf3 Nf4 25. Rcd1 Rcd5 26. Rxd5 Rxd5 27. h4 g6 28. g3 Nd3 29. Re2 Nc1 30. Re4 Nxa2 31. Ra4 Ra5 32. Rxa5 bxa5 33. Nd4 a4 34. Nc6 Nc1 35. Nxa7 Nd3 36. c4 Nxb2 37. c5 a3 38. c6 a2 39. c7 a1=Q+ 40. Kh2 Qc1 41. c8=Q+ Qxc8 42. Nxc8 Nd3 43. Kg2 Kg7 44. Nd6 h5 45. Kf3 Ne5+ 46. Ke3 Ng4+ 47. Kf3 Kf6 48. Ne4+ Ke7 49. Ng5 f6 50. Ne4 e5 51. Kg2 Ke6 52. Nc5+ Kf5 53. Nd3 g5 54. hxg5 fxg5 55. Nc5 Nf6 56. Nd3 Ne4 57. Ne1 g4 58. Nc2 Ng5 59. Ne3+ Ke4 60. Nc4 Nf3 61. Nd6+ Kd5 62. Nf5 e4 63. Ng7 h4 64. gxh4 Nxh4+ 65. Kg3 Nf3 66. Kxg4 Kd4 67. Nf5+ Kd3 68. Kf4 Ke2 69. Kxe4 Kxf2 1/2-1/2


[Site "https://www.chess.com"]

[Event "Titled Tuesday Blitz March 21 Early 2023"]
[White "Sovetbekova, Nurai"]
[Black "Kavutskiy, Konstantin"]
[WhiteFideId "13801910"]
[BlackFideId "2026384"]
[WhiteElo "1857"]
[BlackElo "2369"]
[Result "0-1"]
[Round "02"]
[TimeControl "180+2"]
[Date "2023.03.21"]
[WhiteClock "0:00:13"]
[BlackClock "0:01:19"]

1. d4 Nf6 2. c4 g6 3. Nc3 Bg7 4. e4 d6 5. Nf3 O-O 6. Be2 e5 7. d5 Nbd7 8. Nd2 Ne8 9. h4 a5 10. h5 f5 11. hxg6 hxg6 12. exf5 gxf5 13. Nf3 e4 14. Ng5 Nc5 15. Be3 f4 16. Bxc5 Qxg5 17. Nxe4 Qg6 18. Bd3 dxc5 19. Nxc5 Bf5 20. Bxf5 Qxf5 21. Ne6 Nd6 22. Rh5 Qg6 23. Rg5 Qe4+ 24. Kf1 Rf7 25. Qg4 Nf5 26. Nxf4 Raf8 27. Re1 Qxc4+ 28. Kg1 Nh6 29. Qg3 Qxf4 30. Rxg7+ Rxg7 31. Qh3 Qxf2+ 0-1


[Site "https://www.chess.com"]

[Event "Titled Tuesday Blitz March 21 Early 2023"]
[White "The_Sherman_Variation"]
[Black "Kraus, Tomas"]
[BlackFideId "331708"]
[WhiteElo "2545"]
[BlackElo "2389"]
[Result "1-0"]
[Round "02"]
[TimeControl "180+2"]
[Date "2023.03.21"]
[WhiteClock "0:00:22"]
[BlackClock "0:00:01"]

1. c4 e5 2. Nc3 Nf6 3. b3 Bb4 4. Bb2 O-O 5. e3 c6 6. a3 Bxc3 7. Bxc3 Re8 8. Ne2 d5 9. cxd5 cxd5 10. g3 Nc6 11. Bg2 Bf5 12. O-O Bd3 13. Re1 Qd7 14. Nc1 Bf5 15. Ne2 Bh3 16. Bh1 Qf5 17. f3 h5 18. d3 e4 19. dxe4 dxe4 20. f4 Ng4 21. Nd4 Nxd4 22. Qxd4 f6 23. Rad1 Kh7 24. Qd5 Qg6 25. Bd4 f5 26. Qxb7 h4 27. Bxg7 Nxh2 28. Bf6+ Kh6 29. Bg5+ Kh5 30. Bxh4 Nf3+ 31. Bxf3+ exf3 32. Rd7 Rh8 33. Rg7 Rab8 34. Qe7 Rbe8 35. Qxa7 f2+ 36. Kxf2 Ra8 37. Qe7 Rae8 38. Rxg6 Rxe7 39. Bxe7 Kxg6 40. Rd1 1-0


[Site "https://www.chess.com"]

[Event "Titled Tuesday Blitz March 21 Early 2023"]
[White "Friedel, Tom"]
[Black "Nefedov, Sergey"]
[WhiteFideId "2002108"]
[BlackFideId "24113417"]
[WhiteElo "2312"]
[BlackElo "2227"]
[Result "0-1"]
[Round "02"]
[TimeControl "180+2"]
[Date "2023.03.21"]
[WhiteClock "0:00:08"]
[BlackClock "0:00:59"]

1. e4 d5 2. Nc3 dxe4 3. Nxe4 Nf6 4. Nxf6+ gxf6 5. Nf3 h5 6. d4 Nc6 7. Be2 Rg8 8. g3 Bh3 9. Be3 Qd5 10. c4 Qe4 11. Qb1 Qxb1+ 12. Rxb1 O-O-O 13. Rd1 e5 14. d5 Bb4+ 15. Bd2 Bxd2+ 16. Rxd2 Bg2 17. Rg1 Bxf3 18. Bxf3 Nd4 19. Bxh5 Rh8 20. Bd1 Rxh2 21. f4 Rdh8 22. Rf2 Rxf2 23. Kxf2 Kd7 24. Kg2 Kd6 25. Rf1 e4 26. Re1 f5 27. b4 b5 28. Bb3 bxc4 29. Bxc4 Nf3 30. Rh1 Rxh1 31. Kxh1 Nd2 32. Bb5 Kxd5 33. Bd7 e3 34. Kg2 Ke4 35. Bc6+ Kd3 36. Bd7 e2 37. Kf2 Nf3 38. Bb5+ Kc3 39. Bxe2 Nd4 40. b5 Nxe2 41. Kxe2 Kb4 42. Ke3 Kxb5 43. Kd4 f6 44. Kd5 c5 45. Ke6 c4 46. Kxf6 c3 47. Kxf5 c2 0-1


[Site "https://www.chess.com"]

[Event "Titled Tuesday Blitz March 21 Early 2023"]
[White "Andreev, Konstantin"]
[Black "Hercegovac, Neven"]
[WhiteFideId "24239305"]
[BlackFideId "2839135"]
[WhiteElo "2106"]
[BlackElo "2075"]
[Result "1-0"]
[Round "02"]
[TimeControl "180+2"]
[Date "2023.03.21"]
[WhiteClock "0:00:08"]
[BlackClock "0:00:05"]

1. e4 e6 2. d4 d5 3. Nc3 Bb4 4. e5 c5 5. a3 Bxc3+ 6. bxc3 Ne7 7. Qg4 Qc7 8. Qxg7 Rg8 9. Qxh7 cxd4 10. Qd3 Qxe5+ 11. Ne2 dxc3 12. Qxc3 Qxc3+ 13. Nxc3 Nbc6 14. h4 e5 15. Bg5 Bf5 16. Bf6 d4 17. Nb5 Kd7 18. a4 Bxc2 19. h5 a6 20. Na3 Bh7 21. g3 Ke6 22. Bh4 Nd5 23. Bc4 Rh8 24. g4 Be4 25. Rg1 f5 26. gxf5+ Bxf5 27. Rg5 Raf8 28. Ra2 Nb4 29. Rb2 a5 30. Nb5 Rh7 31. Rb3 Bc2 32. Rbg3 Bxa4 33. Rg7 Rxg7 34. Rxg7 Bxb5 35. Bxb5 Rh8 36. Rg6+ Kf5 37. Bd7+ Ke4 38. h6 Nf4 39. f3+ Kxf3 40. Rg3+ Ke4 41. Bg5 Nbd5 42. Kd2 d3 43. Bb5 Nb4 44. Bd7 Kd4 45. Rg1 Nfd5 46. Rh1 e4 47. Rh4 Ke5 48. h7 e3+ 49. Bxe3 Nxe3 50. Kxe3 Nd5+ 51. Kd2 Nf6 52. Bb5 Rxh7 53. Ra4 b6 54. Bxd3 Rh2+ 55. Kc3 Nd5+ 56. Kb3 Rh4 57. Rxh4 Nf4 58. Bc4 Ng6 59. Rg4 Ne7 60. Rg1 Kd6 61. Ka4 Nc6 62. Bb5 Nd4 63. Rc1 Kd5 64. Rc4 Ne6 65. Rc8 Nc5+ 66. Ka3 Kd4 67. Kb2 Kd5 68. Rb8 Kd6 69. Rxb6+ Kd5 70. Rb8 Kd4 71. Rd8+ Ke5 72. Ka3 Ne6 73. Ra8 Nc7 74. Rxa5 Kd4 75. Ba4 Nd5 76. Ra8 Nb6 77. Rh8 Kc5 78. Rh4 Nd5 79. Bb3 Kd6 80. Rd4 1-0


[Site "https://www.chess.com"]

[Event "Titled Tuesday Blitz March 21 Early 2023"]
[White "Kozin, Yuri"]
[Black "Botez, Alexandra"]
[WhiteFideId "4129920"]
[BlackFideId "2603365"]
[WhiteElo "2538"]
[BlackElo "2059"]
[Result "1-0"]
[Round "02"]
[TimeControl "180+2"]
[Date "2023.03.21"]
[WhiteClock "0:01:17"]
[BlackClock "0:00:18"]

1. e4 e6 2. d4 d5 3. Nd2 c5 4. Ngf3 Nc6 5. exd5 Qxd5 6. Bc4 Qd7 7. O-O Nf6 8. Nb3 cxd4 9. Nbxd4 Nxd4 10. Nxd4 a6 11. c3 b5 12. Be2 Bb7 13. a4 b4 14. Bg5 bxc3 15. Bxf6 cxb2 16. Rb1 gxf6 17. Rxb2 Rg8 18. Rxb7 Qxb7 19. Bf3 Qa7 20. Bc6+ Ke7 21. Nf5+ exf5 22. Re1+ Qe3 23. Rxe3# 1-0


[Site "https://www.chess.com"]

[Event "Titled Tuesday Blitz March 21 Early 2023"]
[White "Zanette, Edgard Vinicius"]
[Black "Mackster23"]
[WhiteFideId "2109263"]
[WhiteElo "2211"]
[BlackElo "2538"]
[Result "1/2-1/2"]
[Round "02"]
[TimeControl "180+2"]
[Date "2023.03.21"]
[WhiteClock "0:00:13"]
[BlackClock "0:00:21"]

1. e4 e6 2. d4 d5 3. Nd2 Nf6 4. e5 Nfd7 5. c3 c5 6. Ndf3 Nc6 7. Bd3 f6 8. exf6 Nxf6 9. Ne2 Bd6 10. Bf4 O-O 11. O-O c4 12. Bb1 Nh5 13. Bxd6 Qxd6 14. Ng3 Nf4 15. Re1 Bd7 16. Ng5 g6 17. Ne2 Rae8 18. Nxf4 Qxf4 19. Nf3 g5 20. Qd2 Qxd2 21. Nxd2 e5 22. dxe5 Rxe5 23. Bc2 Bf5 24. Ba4 Rfe8 25. Nf3 Rxe1+ 26. Rxe1 Rxe1+ 27. Nxe1 Ne5 28. f3 Kf7 29. Kf2 Ke6 30. Ke3 Bg6 31. Bd1 Kd6 32. g3 Kc5 33. f4 gxf4+ 34. gxf4 Nf7 35. Bc2 Nd6 36. Bxg6 hxg6 37. Nf3 Nf5+ 38. Kd2 d4 39. cxd4+ Nxd4 40. Ne5 Kd5 41. Nxg6 Nf3+ 42. Ke3 Nxh2 43. Ne5 Nf1+ 44. Ke2 Ng3+ 45. Kf3 Nf5 46. Ng4 Nd4+ 47. Ke3 Nc2+ 48. Kd2 Nb4 49. Ne3+ Kc5 50. a3 Nd3 51. f5 Nxb2 52. f6 Kd6 53. Kc3 Na4+ 54. Kb4 Nb6 55. Nxc4+ Nxc4 56. Kxc4 Ke6 57. Kc5 Kxf6 58. Kd6 a5 59. a4 Kf5 60. Kc7 b5 61. axb5 a4 62. b6 a3 63. b7 a2 64. b8=Q a1=Q 65. Qf8+ Ke4 66. Qe7+ Kd3 67. Qd6+ Ke3 68. Qc6 Qa7+ 69. Qb7 Qc5+ 70. Qc6 Qe7+ 71. Qd7 Qe5+ 72. Qd6 Qg7+ 73. Qd7 Qc3+ 74. Qc6 Qa3 75. Qd6 Qa7+ 76. Kc6 Qa6+ 77. Kd7 Qb7+ 78. Qc7 Qd5+ 79. Qd6 Qb5+ 80. Qc6 Qd3+ 81. Qd6 Qb3 82. Qe6+ Qxe6+ 83. Kxe6 1/2-1/2


[Site "https://www.chess.com"]

[Event "Titled Tuesday Blitz March 21 Early 2023"]
[White "Quinones Garcia, Santiago"]
[Black "Shukhman, Anna"]
[WhiteFideId "4408497"]
[BlackFideId "54180058"]
[WhiteElo "2263"]
[BlackElo "2125"]
[Result "1-0"]
[Round "02"]
[TimeControl "180+2"]
[Date "2023.03.21"]
[WhiteClock "0:02:15"]
[BlackClock "0:01:23"]

1. d4 Nf6 2. c4 g6 3. Nc3 d5 4. cxd5 Nxd5 5. e4 Nxc3 6. bxc3 Bg7 7. Nf3 c5 8. Be3 Nc6 9. Rc1 Qa5 10. d5 Ne5 11. Nxe5 Bxe5 12. Qd2 O-O 13. h4 Bg4 14. Bh6 Rfd8 15. Bc4 b5 16. Bd3 c4 17. Bb1 e6 18. h5 exd5 19. exd5 Re8 20. Kf1 Bxh5 21. Rxh5 gxh5 22. Qg5+ Kh8 23. Qf5 1-0


[Site "https://www.chess.com"]

[Event "Titled Tuesday Blitz March 21 Early 2023"]
[White "Levitan, Caleb Levi"]
[Black "Manukyan, Sargis V."]
[WhiteFideId "14332620"]
[BlackFideId "13303465"]
[WhiteElo "1963"]
[BlackElo "2236"]
[Result "0-1"]
[Round "02"]
[TimeControl "180+2"]
[Date "2023.03.21"]
[WhiteClock "0:00:14"]
[BlackClock "0:01:24"]

1. e4 c5 2. Nf3 Nc6 3. Nc3 g6 4. d4 cxd4 5. Nxd4 Bg7 6. Be3 Nf6 7. Bc4 O-O 8. f3 Qb6 9. Bb3 Nxe4 10. Nd5 Qa5+ 11. c3 Bxd4 12. Bxd4 Nc5 13. Bc2 Ne6 14. Be3 d6 15. h4 Ng7 16. h5 Be6 17. Nf4 Bf5 18. hxg6 hxg6 19. g4 Bxc2 20. Qxc2 Ne5 21. Kf2 Rfc8 22. Kg3 f5 23. Qb3+ Nc4 24. Nxg6 Kf7 25. Nf4 b5 26. gxf5 Nxf5+ 27. Kf2 Nxe3 28. Rh7+ Ke8 29. Rh8+ Kd7 30. Rxc8 Rxc8 31. Qb4 Qxb4 32. cxb4 Rh8 33. Rc1 Rh2+ 34. Kg3 Rxb2 35. a4 a6 36. axb5 axb5 37. Nd3 Rd2 38. Rc3 e5 39. f4 e4 40. Nf2 Rxf2 41. Kxf2 Nd1+ 42. Ke1 Nxc3 43. f5 Ke7 44. f6+ Kxf6 45. Kf1 Ke5 46. Ke1 Kf4 47. Kf1 e3 48. Ke1 Kf3 49. Kf1 Ne5 50. Ke1 Nd3+ 51. Kf1 e2+ 52. Kg1 e1=Q+ 53. Kh2 Qg3+ 0-1


[Site "https://www.chess.com"]

[Event "Titled Tuesday Blitz March 21 Early 2023"]
[White "Richter, Paul"]
[Black "Bogaudinov, Rushan"]
[WhiteFideId "2046350"]
[BlackFideId "4129288"]
[WhiteElo "2528"]
[BlackElo "1949"]
[Result "0-1"]
[Round "02"]
[TimeControl "180+2"]
[Date "2023.03.21"]
[WhiteClock "0:00:05"]
[BlackClock "0:00:13"]

1. e4 c5 2. Nf3 d6 3. d4 cxd4 4. Nxd4 Nf6 5. Nc3 a6 6. Be2 g6 7. g4 Bg7 8. g5 Nfd7 9. Be3 Nc6 10. Qd2 Nde5 11. O-O-O Qa5 12. h3 Be6 13. Nxe6 fxe6 14. f4 Nd7 15. e5 Rd8 16. Bg4 dxe5 17. Qe2 e4 18. Bxe6 Bxc3 19. bxc3 Qxc3 20. Kb1 Qb4+ 21. Ka1 Qc3+ 22. Kb1 Nc5 23. Rxd8+ Nxd8 24. Bb3 Nxb3 25. axb3 O-O 26. h4 Ne6 27. Rf1 Nd4 28. Qf2 Nf3 29. Bc1 Rc8 30. Qe2 Qc6 31. Rd1 a5 32. Bb2 a4 33. Rc1 b5 34. Qe3 Qd5 35. h5 Nd2+ 36. Ka2 axb3+ 37. cxb3 Ra8+ 38. Ba3 Qd3 39. Qxd3 exd3 40. Kb2 Ne4 41. Rd1 d2 42. Bxe7 Rc8 43. hxg6 hxg6 44. Bb4 Rd8 45. Kc2 Kf7 46. Bxd2 Rc8+ 47. Kb2 Ke6 48. Be3 Kf5 49. Rd5+ Kg4 50. Rxb5 Kf3 51. Bc1 Nf2 52. Rd5 Ke4 53. Rd6 Nd3+ 54. Rxd3 Kxd3 55. b4 Kc4 56. Bd2 Rd8 57. Kc2 Rd5 58. Kc1 Rd3 59. Kc2 Rf3 60. Kd1 Rf1+ 61. Ke2 Rb1 62. Ke3 Kd5 63. Kd3 Rb3+ 64. Bc3 Rb1 65. Bd2 Rb3+ 66. Bc3 Ra3 67. Kc2 Ra2+ 68. Kd3 Ra8 69. Bd2 Kc6 70. Kc4 Re8 71. b5+ Kb7 72. Kd5 Rd8+ 73. Ke6 Rxd2 74. Kf6 Rd6+ 75. Ke7 Rb6 76. Kf7 Kc7 77. Ke7 Rxb5 0-1


[Site "https://www.chess.com"]

[Event "Titled Tuesday Blitz March 21 Early 2023"]
[White "Biriukov, Ilja"]
[Black "Karas, Marek"]
[WhiteFideId "4113373"]
[BlackFideId "14928558"]
[WhiteElo "2426"]
[BlackElo "2233"]
[Result "0-1"]
[Round "02"]
[TimeControl "180+2"]
[Date "2023.03.21"]
[WhiteClock "0:00:10"]
[BlackClock "0:01:11"]

1. c4 e5 2. Nc3 Nf6 3. d3 c6 4. g3 d5 5. Nf3 Bd6 6. Bg2 d4 7. Nb1 c5 8. O-O Nc6 9. e3 O-O 10. exd4 exd4 11. a3 h6 12. Nbd2 Bg4 13. h3 Bh5 14. Re1 Qd7 15. Kh2 Rfe8 16. Nf1 Rxe1 17. Qxe1 Re8 18. Qd1 Ne5 19. b4 b6 20. b5 Qf5 21. Bf4 g5 22. Bxe5 Bxe5 23. Kg1 Bg6 24. Ne1 Bd6 25. a4 h5 26. a5 h4 27. g4 Qf4 28. axb6 axb6 29. Ra2 Nd7 30. Re2 Ne5 31. Be4 f5 32. Bxf5 Bxf5 33. gxf5 Qxf5 34. Kg2 Rf8 35. Nh2 Ng6 36. Re4 Nf4+ 37. Kh1 Nxh3 38. Qe2 Nxf2+ 0-1


[Site "https://www.chess.com"]

[Event "Titled Tuesday Blitz March 21 Early 2023"]
[White "Tsotsonava, Elene"]
[Black "Ljukin, Sergei"]
[WhiteFideId "13615939"]
[BlackFideId "14102200"]
[WhiteElo "1829"]
[BlackElo "2312"]
[Result "0-1"]
[Round "02"]
[TimeControl "180+2"]
[Date "2023.03.21"]
[WhiteClock "0:00:06"]
[BlackClock "0:00:08"]

1. Nf3 d5 2. c4 c6 3. d4 Nf6 4. Nc3 dxc4 5. e4 b5 6. Qc2 Bb7 7. a4 a6 8. Be2 e6 9. O-O Nbd7 10. Rd1 Be7 11. b3 b4 12. e5 Nd5 13. Ne4 c3 14. Bg5 O-O 15. Bxe7 Qxe7 16. Nd6 Rfb8 17. a5 c5 18. dxc5 Nxc5 19. Rd4 Nd7 20. Qe4 f5 21. Qc2 Nxe5 22. Nxb7 Nxf3+ 23. Bxf3 Qxb7 24. Rad1 Rd8 25. Bxd5 Rxd5 26. Rxd5 exd5 27. Qxf5 Rd8 28. h4 h6 29. h5 Qc7 30. Qd3 d4 31. Rc1 Qd6 32. g3 Qc6 33. Rc2 Qb5 34. Qg6 d3 35. Rc1 c2 36. Qe6+ Kh8 37. Qg6 d2 38. Qxc2 dxc1=Q+ 39. Qxc1 Qd5 40. Qc7 Qd1+ 41. Kg2 Qd6 42. Qb7 Qd5+ 43. Qxd5 Rxd5 44. Kf3 Rxa5 45. Ke3 Ra3 46. Kd4 Rxb3 0-1


[Site "https://www.chess.com"]

[Event "Titled Tuesday Blitz March 21 Early 2023"]
[White "Golubev, Mikhail"]
[Black "TigranHH"]
[WhiteFideId "14100983"]
[WhiteElo "2374"]
[BlackElo "2267"]
[Result "1/2-1/2"]
[Round "02"]
[TimeControl "180+2"]
[Date "2023.03.21"]
[WhiteClock "0:00:07"]
[BlackClock "0:00:27"]

1. e4 c6 2. d4 d5 3. Nc3 dxe4 4. Nxe4 Nf6 5. Nxf6+ exf6 6. c3 Bd6 7. Bd3 O-O 8. Ne2 Re8 9. O-O Nd7 10. Ng3 Nf8 11. Nf5 Bxf5 12. Bxf5 Qa5 13. Bc2 Re7 14. Qf3 Rae8 15. Be3 Ng6 16. b4 Qc7 17. g3 a5 18. a3 Nf8 19. Kg2 Ne6 20. h4 Nf8 21. h5 h6 22. Rae1 b6 23. Bd2 axb4 24. axb4 Ne6 25. Qf5 Nf8 26. Rxe7 Rxe7 27. Re1 Rxe1 28. Bxe1 Qe7 29. Bd2 Qe2 30. Qd3 Qxh5 31. Be3 g6 32. Bd1 Qd5+ 33. Bf3 Qb5 34. Qxb5 cxb5 35. Be2 f5 36. Bxb5 Ne6 37. d5 f4 38. Bxb6 Ng5 39. gxf4 Bxf4 40. c4 Bd2 41. Ba5 Ne4 42. c5 Nxc5 43. bxc5 Bxa5 44. Kf3 Bb4 45. c6 Bd6 46. Ba6 Kg7 47. Bc8 Kf6 48. Bd7 Ke5 49. Be8 Kxd5 50. Bxf7+ Kxc6 51. Bxg6 Kd5 52. Bh5 Ke5 53. Kg2 Kf4 54. Bf3 Be5 55. Bc6 Bd6 56. Bd7 Be5 57. Bh3 Bd6 58. Bc8 Be5 59. Be6 Bd6 60. Bh3 Be5 61. Bc8 Bd6 62. Bh3 Be5 63. Bd7 Bd6 64. Bc8 Be5 65. Bd7 Bd6 66. Bc8 1/2-1/2


[Site "https://www.chess.com"]

[Event "Titled Tuesday Blitz March 21 Early 2023"]
[White "Abrosimov, Vladimir"]
[Black "Padmini, Rout"]
[WhiteFideId "4166892"]
[BlackFideId "5029295"]
[WhiteElo "2336"]
[BlackElo "2314"]
[Result "1/2-1/2"]
[Round "02"]
[TimeControl "180+2"]
[Date "2023.03.21"]
[WhiteClock "0:01:19"]
[BlackClock "0:01:31"]

1. c4 Nf6 2. Nc3 g6 3. g3 Bg7 4. Bg2 O-O 5. d3 e5 6. e4 d6 7. Nge2 Nc6 8. O-O Be6 9. f4 Qd7 10. Nd5 Bh3 11. Be3 Bxg2 12. Kxg2 Ng4 13. f5 gxf5 14. Rxf5 Nxe3+ 15. Nxe3 Ne7 16. Rh5 f5 17. exf5 Nxf5 18. Nxf5 Rxf5 19. Nc3 Raf8 20. Rxf5 Qxf5 21. Qe2 a6 22. Nd5 Qd7 23. Rf1 Rxf1 24. Qxf1 c6 25. Ne3 d5 26. Nf5 dxc4 27. Nxg7 Kxg7 28. dxc4 e4 29. Qf4 Qe6 30. Qg5+ Kf7 31. Qh5+ Kg7 32. Qg5+ Kf7 33. Qh5+ Kg7 34. Qg5+ 1/2-1/2


[Site "https://www.chess.com"]

[Event "Titled Tuesday Blitz March 21 Early 2023"]
[White "Lakshmi C"]
[Black "Hirneise, Jens"]
[WhiteFideId "25035347"]
[BlackFideId "24614734"]
[WhiteElo "1942"]
[BlackElo "2345"]
[Result "0-1"]
[Round "02"]
[TimeControl "180+2"]
[Date "2023.03.21"]
[WhiteClock "0:00:02"]
[BlackClock "0:02:37"]

1. e4 c5 2. Nf3 a6 3. d4 cxd4 4. Nxd4 Nf6 5. Nc3 e5 6. Nf3 Bb4 7. Bg5 Bxc3+ 8. bxc3 Qa5 9. Qd3 Nxe4 10. Bd2 Nxd2 11. Qxd2 O-O 12. Bd3 d5 13. Nxe5 Re8 14. f4 f6 15. O-O fxe5 16. fxe5 Nc6 17. Qf4 Be6 0-1


[Site "https://www.chess.com"]

[Event "Titled Tuesday Blitz March 21 Early 2023"]
[White "Janaszak, Dawid"]
[Black "Barria Santos, Jose Guilherme"]
[WhiteFideId "1119206"]
[BlackFideId "1939300"]
[WhiteElo "2220"]
[BlackElo "2301"]
[Result "1-0"]
[Round "02"]
[TimeControl "180+2"]
[Date "2023.03.21"]
[WhiteClock "0:01:08"]
[BlackClock "0:00:08"]

1. e4 c5 2. Nc3 d6 3. f4 g6 4. Nf3 Bg7 5. Bc4 Nc6 6. O-O e6 7. d4 cxd4 8. Nb5 Nge7 9. Bb3 O-O 10. Nbxd4 Bd7 11. c3 Rc8 12. Kh1 Na5 13. Bc2 d5 14. e5 a6 15. Qe1 f6 16. exf6 Rxf6 17. Ng5 Qb6 18. Rb1 h6 19. Ngf3 Nec6 20. Be3 Nc4 21. Bg1 Qc7 22. g3 Ne7 23. Bd3 Nf5 24. Nxf5 exf5 25. Bd4 Rf7 26. Qf2 Bxd4 27. Nxd4 Nd6 28. Rfd1 Ne4 29. Bxe4 dxe4 30. Qe3 Bc6 31. Nc2 Rd8 32. Kg1 Rfd7 33. Rd4 Kf7 34. Rbd1 b5 35. h4 Qa7 36. Kh2 Qc7 37. Rxd7+ Rxd7 38. Rd4 h5 39. Qd2 Qb7 40. Ne3 Ke6 41. Qd1 Bd5 42. b3 Qc6 43. c4 bxc4 44. bxc4 Bxc4 45. Rxd7 Qxd7 46. Qxd7+ Kxd7 47. Nxc4 1-0


[Site "https://www.chess.com"]